[Event "Team 45 45 League T57"]
[Site "Internet Chess Club"]
[Date "2013.06.20"]
[Round "5"]
[White "monkhammer"]
[Black "jjaillet2007"]
[Result "1-0"]
[WhiteElo "1556"]
[BlackElo "1391"]
[Opening "French: Marshall variation"]
[ECO "C10"]
[Time "21:01:22"]
[TimeControl "2700+45"]

1. e4 e6 2. d4 d5 3. Nc3 c5 4. exd5 exd5 5. dxc5 d4 6. Nce2 Bxc5 7. Nf3 Bg4 8.
Qd3 Bxf3 9. gxf3 Nc6 10. Rg1 Nb4 11. Qb5+ Nc6 12. Qxc5 Qa5+ 13. Qxa5 Nxa5 14.
Rxg7 Nc6 15. Bg5 h6 16. Bh4 Nge7 17. Bh3 Nb4 18. O-O-O Nxa2+ 19. Kb1 Nb4 20. Rd3
Nxd3 21. cxd3 Nd5 22. Nxd4 Nf4 23. Bf5 Kf8 24. Rg4 Nh5 25. Re4 Re8 26. Bg4 Rxe4
27. fxe4 Nf4 28. Kc2 Rg8 29. Bc8 b6 30. Bg3 Nh5 31. Nf5 Nxg3 32. hxg3 Rg6 33.
Ba6 Rc6+ 34. Kd2 h5 35. d4 f6 36. b3 Kg8 37. Ne7+ {Black resigns} 1-0

[Event "Team 45 45 League T57"]
[Site "Internet Chess Club"]
[Date "2013.06.21"]
[Round "5"]
[White "Aquaman"]
[Black "wildangels"]
[Result "1-0"]
[WhiteElo "1326"]
[BlackElo "1065"]
[Opening "Queen's pawn game, Rubinstein (Colle-Zukertort) variation"]
[ECO "D05"]
[Time "15:03:57"]
[TimeControl "2700+45"]

1. d4 d5 2. Nf3 Nf6 3. e3 e6 4. Bd3 c5 5. b3 Nc6 6. a3 Be7 7. Bb2 O-O 8. Nbd2 a6
9. O-O b5 10. Ne5 Nxe5 11. dxe5 Nd7 12. f4 Nb6 13. Rf3 d4 14. Bxh7+ Kxh7 15.
Rh3+ Kg8 16. Qh5 f6 17. Qh7+ Kf7 18. Qh5+ Kg8 19. Nf3 dxe3 20. Nh4 fxe5 21. Ng6
Rf5 22. Qh8+ Kf7 23. Qxd8 Bxd8 24. Nxe5+ Kg8 25. Rd1 Nd5 26. g3 Bb7 27. Kf1 Ba5
28. Ke2 Nc3+ 29. Bxc3 Bxc3 30. Ng6 Bd4 31. Ne7+ Kf7 32. Nxf5 Bf6 33. Nd6+ Kg8
34. Nxb7 c4 35. bxc4 bxc4 36. Kxe3 e5 37. fxe5 Bxe5 {Black resigns} 1-0

[Event "Team 45 45 League T57"]
[Site "Internet Chess Club"]
[Date "2013.06.20"]
[Round "5"]
[White "Bizzy-Ketty"]
[Black "smsxman"]
[Result "0-1"]
[WhiteElo "1386"]
[BlackElo "1530"]
[Opening "King's pawn game"]
[ECO "C50"]
[Time "10:00:41"]
[TimeControl "2700+45"]

1. e4 e5 2. Nf3 Nc6 3. Bc4 d6 4. O-O Be7 5. Nc3 Nf6 6. d3 O-O 7. Be3 a6 8. h3 b5
9. Bb3 Bd7 10. Qd2 Na5 11. Rfe1 Nxb3 12. axb3 b4 13. Nd5 a5 14. Nxe7+ Qxe7 15.
Ra2 c5 16. Rea1 Qd8 17. c3 Qc7 18. Qc2 Rfc8 19. cxb4 h6 20. bxc5 dxc5 21. Rc1
Ra6 22. Qc3 a4 23. Nxe5 Be6 24. Rxa4 Rxa4 25. bxa4 Rb8 26. Bxc5 Rb3 27. Qd4 Nh5
28. Qd6 Qb7 29. Qf8+ Kh7 30. Bd4 f6 31. Ng4 Bxg4 32. hxg4 Nf4 33. Kf1 Nxd3 34.
Rc8 Qxe4 35. Qg8+ Kg6 36. Bc3 Rxc3 37. Qe8+ Qxe8 38. Rxe8 Nxb2 39. Ra8 Ra3 40.
a5 Nc4 41. a6 Nd6 42. Ke2 Kg5 43. f3 Nb5 44. Kd2 Kg6 45. f4 Nc7 46. a7 Nxa8 47.
f5+ Kg5 48. Ke2 Rxa7 49. Kf3 Ra3+ 50. Ke4 Kxg4 51. g3 Ra4+ 52. Kd5 Kxf5 53. Kd6
Re4 54. Kd7 Nb6+ 55. Kd6 Nc4+ 56. Kd7 Nd2 57. Kd6 Re5 58. Kd7 Kg4 59. Kd6 Kxg3
60. Kd7 Kf4 61. Kd6 Kf5 62. Kc6 Ke6 63. Kc7 Rd5 64. Kc6 Nc4 65. Kc7 Rd6 66. Kb7
Kd7 67. Kb8 Rc6 68. Kb7 Na5+ 69. Kb8 Nc4 70. Ka7 Kc7 71. Ka8 Ra6# {White
checkmated} 0-1

[Event "Team 45 45 League T57"]
[Site "Internet Chess Club"]
[Date "2013.06.24"]
[Round "5"]
[White "Toalla"]
[Black "ethan0627"]
[Result "1-0"]
[WhiteElo "1388"]
[BlackElo "1386"]
[Opening "Konstantinopolsky opening"]
[ECO "A04"]
[Time "18:40:01"]
[TimeControl "2700+45"]

1. Nf3 Nc6 2. g3 e5 3. e4 Nf6 4. d3 Bc5 5. Be3 Bb6 6. h3 d6 7. Bxb6 axb6 8. c3
O-O 9. Bg2 Be6 10. O-O Bxa2 11. Nbd2 Qd7 12. Re1 Be6 13. Ng5 Ba2 14. b3 h6 15.
Ngf3 Ra3 16. Re2 Na5 17. Qc1 Rxb3 18. Rxa2 Rb5 19. Ne1 Ra8 20. Nc2 Qc6 21. c4
Rc5 22. Nb4 Qe8 23. Qb2 b5 24. Nb3 Nxb3 25. Qxb3 bxc4 26. dxc4 Rca5 27. Nd5 Nxd5
28. exd5 b6 29. h4 Rxa2 30. Rxa2 Rxa2 31. Qxa2 g6 32. Qa7 Qd8 33. Kh2 f5 34. Bh3
e4 35. Qa3 Qd7 36. Qe3 Kh7 37. Qxe4 Qf7 38. Qe3 Kg7 39. Qd3 Qe8 40. h5 g5 41.
Qxf5 Qxh5 42. Qd7+ {Black resigns} 1-0

[Event "Team 45 45 League T57"]
[Site "Internet Chess Club"]
[Date "2013.06.25"]
[Round "5"]
[White "MateMaster"]
[Black "Tribe97"]
[Result "1-0"]
[WhiteElo "1461"]
[BlackElo "1260"]
[Opening "French: Paulsen variation"]
[ECO "C10"]
[Time "19:00:06"]
[TimeControl "2700+45"]

1. e4 e6 2. d4 d5 3. Nc3 Nc6 4. Nf3 Nf6 5. Bd3 dxe4 6. Nxe4 Nxe4 7. Bxe4 Bd7 8.
O-O Bd6 9. d5 exd5 10. Bxd5 O-O 11. Re1 Re8 12. Ng5 Rxe1+ 13. Qxe1 Be8 14. Qe4
g6 15. Qh4 Qf6 16. Qxh7+ Kf8 17. Qh6+ Qg7 18. Nh7+ Kg8 19. Qxg7+ Kxg7 20. Ng5
Rd8 21. Bb3 Nd4 22. Be3 Nxb3 23. axb3 Be5 24. g3 a6 25. c3 Rd6 26. Re1 Bc6 27.
f4 Bf6 28. b4 Bxg5 29. fxg5 Bb5 30. Bd4+ Kg8 31. Bf6 Re6 32. Rxe6 fxe6 33. Kf2
Kf7 34. Ke3 b6 35. h4 c5 36. bxc5 bxc5 37. g4 c4 38. h5 gxh5 39. gxh5 Kg8 40. g6
Be8 41. Kf4 a5 42. Ke5 a4 43. Kxe6 Bc6 44. h6 Kf8 45. h7 {Black resigns} 1-0

[Event "Team 45 45 League T57"]
[Site "Internet Chess Club"]
[Date "2013.06.23"]
[Round "5"]
[White "okieman888"]
[Black "Elalfer"]
[Result "0-1"]
[WhiteElo "1401"]
[BlackElo "1470"]
[Opening "Sicilian: accelerated fianchetto, Maróczy bind, 6.Be3"]
[ECO "B38"]
[Time "12:04:51"]
[TimeControl "2700+45"]

1. e4 c5 2. Nf3 Nc6 3. d4 cxd4 4. Nxd4 g6 5. c4 Bg7 6. Be3 Nf6 7. Nc3 O-O 8. Be2
b6 9. O-O Bb7 10. f3 e6 11. Qd2 d5 12. Nxc6 Bxc6 13. cxd5 exd5 14. e5 Nd7 15. f4
Nc5 16. Rad1 Qc8 17. Nxd5 Bxd5 18. Qxd5 Rd8 19. Qxd8+ Qxd8 20. Rxd8+ Rxd8 21.
Rd1 Rxd1+ 22. Bxd1 Nd3 23. b3 Bf8 24. Kf1 Bc5 25. Bxc5 Nxc5 26. Bc2 f6 27. exf6
Kf7 28. Kf2 Kxf6 29. Kf3 Ne6 30. g4 Nd4+ {White resigns} 0-1

[Event "Team 45 45 League T57"]
[Site "Internet Chess Club"]
[Date "2013.06.20"]
[Round "5"]
[White "Berke"]
[Black "akshayk06"]
[Result "1-0"]
[WhiteElo "1634"]
[BlackElo "1503"]
[Opening "Sicilian: Smith-Morra gambit"]
[ECO "B21"]
[Time "13:00:39"]
[TimeControl "2700+45"]

1. e4 c5 2. d4 cxd4 3. c3 dxc3 4. Nxc3 d6 5. Nf3 Nf6 6. Bc4 Bg4 7. Qa4+ Bd7 8.
Qb3 e6 9. Ng5 Qc8 10. Bf4 h6 11. Nf3 Be7 12. Rc1 O-O 13. Bd3 Bc6 14. O-O e5 15.
Bg3 Nbd7 16. Nd5 Bxd5 17. exd5 Nc5 18. Qd1 Qd7 19. Bb1 Qb5 20. b3 Nce4 21. Bxe4
Nxe4 22. Rc7 Bd8 23. Rc4 Bb6 24. Rxe4 {Black resigns} 1-0

[Event "Team 45 45 League T57"]
[Site "Internet Chess Club"]
[Date "2013.06.23"]
[Round "5"]
[White "Ostap-Bender"]
[Black "tamky70"]
[Result "0-1"]
[WhiteElo "1414"]
[BlackElo "1476"]
[Opening "Dutch defense"]
[ECO "A90"]
[Time "09:30:37"]
[TimeControl "2700+45"]

1. d4 f5 2. g3 Nf6 3. Bg2 e6 4. c4 c6 5. Nf3 d5 6. cxd5 cxd5 7. O-O Be7 8. Bf4
O-O 9. Nbd2 Nc6 10. Rc1 Ne4 11. e3 Qe8 12. Be5 Nxe5 13. Nxe5 Bf6 14. Ndf3 Ng5
15. Nxg5 Bxg5 16. f4 Bf6 17. Rc7 Bxe5 18. dxe5 Rf7 19. Qc2 Rxc7 20. Qxc7 Qd7 21.
Rc1 Qxc7 22. Rxc7 Rb8 23. Kf2 a5 24. a3 Kf8 25. Ke2 b6 26. Kd2 Ba6 27. h3 Rb7
28. Rc8+ Kf7 29. g4 g6 30. g5 Kg7 31. Bf3 Bf1 32. h4 b5 33. b4 axb4 34. axb4 Bc4
35. Rc6 Kf7 36. h5 Ra7 37. hxg6+ hxg6 38. Kc3 Ra3+ 39. Kd4 Rb3 40. Rc7+ Kf8 41.
Rb7 Rxb4 42. Kc3 Rb3+ 43. Kd2 Rd3+ 44. Ke2 Ra3+ 45. Kd2 Rd3+ 46. Ke2 Ra3+ 47.
Kd2 d4 48. Bc6 dxe3+ 49. Kd1 e2+ {White resigns} 0-1

[Event "Team 45 45 League T57"]
[Site "Internet Chess Club"]
[Date "2013.06.21"]
[Round "5"]
[White "QuimCatala"]
[Black "stantheman59"]
[Result "1-0"]
[WhiteElo "1260"]
[BlackElo "1205"]
[Opening "French: advance variation"]
[ECO "C02"]
[Time "20:06:38"]
[TimeControl "2700+45"]

1. e4 e6 2. d4 d5 3. e5 a6 4. Nf3 Be7 5. Be3 Nd7 6. Bd3 c5 7. b3 cxd4 8. Bxd4
Bc5 9. c3 Bxd4 10. cxd4 Qa5+ 11. Nbd2 Nh6 12. Qc2 Qd8 13. Bxh7 g6 14. Bxg6 fxg6
15. Qxg6+ Nf7 16. O-O Nf8 17. Qg4 Nh6 18. Qg7 Rh7 19. Qf6 Qc7 20. Ng5 Ng8 21.
Qf3 Rg7 22. h4 Bd7 23. Rac1 Qa5 24. Qc3 Qxc3 25. Rxc3 Ng6 26. g3 N8e7 27. Rc7
Bc6 28. Nxe6 Rf7 29. f4 Nf8 30. Ng5 Rg7 31. f5 Nxf5 32. Rxg7 Nxg7 33. Rf7 Nge6
34. Ndf3 a5 35. h5 Bb5 36. h6 Bd3 37. Rxb7 Be2 38. h7 Nxh7 39. Rxh7 Nf8 40. Rh8
Bxf3 41. Nxf3 Kf7 42. Rh6 Rc8 43. Ng5+ Ke8 44. e6 Rc6 45. Rh8 Ke7 46. Rh6 Rc1+
47. Kf2 Rc2+ 48. Ke3 Rxa2 49. Nf7 Ra3 50. Ne5 Rxb3+ 51. Kf4 Nxe6+ 52. Kf5 Nxd4+
53. Kg4 Ne6 54. Nc6+ Kf7 55. Nxa5 Rb4+ 56. Kf5 d4 57. Rxe6 Rb5+ 58. Re5 Rxe5+
59. Kxe5 d3 60. Nc4 Kg6 61. Kf4 Kf6 62. g4 Kg6 63. Ne5+ Kf6 64. Nxd3 Kf7 65. Kf5
Kf8 66. Kf6 Kg8 67. g5 Kf8 68. g6 Kg8 69. Kg5 Kg7 70. Ne5 Kh8 71. Kf6 Kg8 72. g7
{Black resigns} 1-0

[Event "Team 45 45 League T57"]
[Site "Internet Chess Club"]
[Date "2013.06.20"]
[Round "5"]
[White "g8wrb"]
[Black "Nxs123"]
[Result "1/2-1/2"]
[WhiteElo "1447"]
[BlackElo "1515"]
[Opening "Ruy Lopez: classical (Cordel) defense"]
[ECO "C64"]
[Time "16:15:02"]
[TimeControl "2700+45"]

1. e4 e5 2. Nf3 Nc6 3. Bb5 Bc5 4. O-O d6 5. c3 a6 6. Ba4 Ne7 7. d4 exd4 8. cxd4
Ba7 9. d5 b5 10. Bc2 Ne5 11. Bg5 Bg4 12. Nbd2 h6 13. Bh4 g5 14. Bg3 N7g6 15. h3
Bh5 16. Rc1 Qf6 17. Bb3 Bb6 18. a4 Nxf3+ 19. Nxf3 Qxb2 20. Rb1 Qf6 21. axb5 Bxf3
22. Qxf3 Qxf3 23. gxf3 axb5 24. Bc2 Ra5 25. Bd3 O-O 26. Bxb5 Ne5 27. Bxe5 dxe5
28. Bd7 Rd8 29. Bc6 Ra3 30. Kg2 Kg7 31. Ra1 Rxa1 32. Rxa1 Bd4 33. Ra8 Rxa8 34.
Bxa8 Kg6 35. Bc6 f5 36. Bd7 f4 37. Ba4 Kf6 38. Bb3 Ke7 39. Kf1 Kd6 40. Ke2 c6
41. dxc6 Kxc6 42. Bc4 Kc5 43. Bd3 Kd6 44. Bc4 Ke7 45. Bg8 Kf6 46. Bh7 Kg7 47.
Bf5 Kf6 48. Bg4 Kg6 49. Bf5+ Kh5 50. Bg4+ Kh4 51. Bf5 h5 52. Be6 Bc5 53. Bf5 Be7
54. Be6 Bc5 55. Kf1 Bd4 {Game drawn by mutual agreement} 1/2-1/2

[Event "Team 45 45 League T57"]
[Site "Internet Chess Club"]
[Date "2013.06.21"]
[Round "5"]
[White "rgadoury"]
[Black "RockingCHESS"]
[Result "1-0"]
[WhiteElo "1243"]
[BlackElo "1016"]
[Opening "English opening"]
[ECO "A20"]
[Time "10:00:13"]
[TimeControl "2700+45"]

1. c4 e5 2. g3 Nf6 3. Bg2 d6 4. Nc3 Be6 5. b3 Be7 6. e3 Nc6 7. Nge2 O-O 8. O-O
Nb4 9. d4 c5 10. Bxb7 Rb8 11. Bg2 cxd4 12. exd4 exd4 13. Nxd4 Qd7 14. a3 Na6 15.
Be3 Nc7 16. Nc6 Rbe8 17. Bxa7 Ra8 18. Nxe7+ Qxe7 19. Bxa8 Rxa8 20. Be3 Bh3 21.
Re1 Qd7 22. Qf3 Rf8 23. Ne4 Bg4 24. Nxf6+ gxf6 25. Qxf6 Ne6 26. f3 Bh3 27. g4
Qc6 28. Kf2 d5 29. cxd5 Qc2+ 30. Re2 Qg6 31. Qxg6+ fxg6 32. dxe6 h5 33. gxh5
gxh5 34. Bc5 Rf6 35. e7 Bg4 36. e8=Q+ Kg7 37. Bd4 Bxf3 38. Bxf6+ Kxf6 39. Kxf3
Kg5 40. Re4 h4 41. Rg1+ Kf5 42. Qe5# {Black checkmated} 1-0

[Event "Team 45 45 League T57"]
[Site "Internet Chess Club"]
[Date "2013.06.20"]
[Round "5"]
[White "MasterD"]
[Black "rapidfire"]
[Result "1-0"]
[WhiteElo "1318"]
[BlackElo "1243"]
[Opening "Sicilian: Grand Prix attack"]
[ECO "B23"]
[Time "10:01:55"]
[TimeControl "2700+45"]

1. e4 c5 2. Nc3 Nc6 3. f4 e6 4. Nf3 Nge7 5. Bc4 d5 6. Bb3 c4 7. Ba4 Bd7 8. Bxc6
Bxc6 9. e5 Nf5 10. d4 b5 11. O-O Bb4 12. Qe1 O-O 13. a3 Be7 14. g4 Nh6 15. g5
Nf5 16. h4 h6 17. Kf2 f6 18. exf6 gxf6 19. Qxe6+ Kh7 20. Qxf5+ Kg7 21. gxh6+
Kxh6 22. Rg1 Rg8 23. Bd2 Qe8 24. Rxg8 Qxg8 25. Rg1 Qf7 26. Ne5 Qe8 27. Nxc6 Bf8
28. Qxf6+ Kh7 29. Nxd5 Rc8 30. Nce7 Rd8 31. Nc7 Qxe7 32. Qg6+ Kh8 33. Qg8#
{Black checkmated} 1-0

[Event "Team 45 45 League T57"]
[Site "Internet Chess Club"]
[Date "2013.06.22"]
[Round "5"]
[White "arconia"]
[Black "tamky70"]
[Result "0-1"]
[WhiteElo "1290"]
[BlackElo "1461"]
[Opening "French defense"]
[ECO "C00"]
[Time "13:00:41"]
[TimeControl "2700+45"]

1. e4 e6 2. Nf3 d5 3. e5 b6 4. d4 Ba6 5. Bxa6 Nxa6 6. O-O c5 7. c3 Qd7 8. h3 Ne7
9. Nh2 b5 10. Bg5 h6 11. Bxe7 Bxe7 12. Nd2 b4 13. f4 O-O 14. Qg4 f6 15. f5 exf5
16. Rxf5 Qe6 17. Raf1 Nc7 18. Nhf3 fxe5 19. Nxe5 Rxf5 20. Qxf5 Qxf5 21. Rxf5
cxd4 22. Nc6 Bf6 23. cxb4 Kf7 24. Nxd4 Kg6 25. Rf4 Re8 26. Rg4+ Kh7 27. a4 Na6
28. b5 Nb4 29. Nc6 Nxc6 30. bxc6 Rc8 31. b4 Rxc6 32. b5 Rb6 33. Nb3 a6 34. Nc5
axb5 35. Nd7 Rd6 36. Nxf6+ Rxf6 37. axb5 Rb6 38. Rb4 d4 39. Kf1 Kg6 40. Ke1 Kf6
41. Kd2 Ke5 42. Kd3 g5 43. g3 Kd5 44. Rxd4+ Kc5 45. Ke4 Re6+ 46. Kd3 Kxb5 47.
Rd5+ Kc6 48. Rd8 Rf6 49. Ke4 Kc7 50. Rg8 Kd6 51. Rd8+ Ke7 52. Rd5 Rb6 53. Re5+
Kf6 54. Rf5+ Kg6 55. h4 Rb4+ 56. Ke5 Rb5+ {White resigns} 0-1

[Event "Team 45 45 League T57"]
[Site "Internet Chess Club"]
[Date "2013.06.22"]
[Round "5"]
[White "rhayder"]
[Black "kabubi"]
[Result "1-0"]
[WhiteElo "1269"]
[BlackElo "1133"]
[Opening "Ruy Lopez: four knights (Tarrasch) variation"]
[ECO "C77"]
[Time "16:11:06"]
[TimeControl "2700+45"]

1. e4 e5 2. Nf3 Nc6 3. Bb5 a6 4. Ba4 Nf6 5. Nc3 Be7 6. O-O O-O 7. Re1 Re8 8.
Bxc6 dxc6 9. Nxe5 Bd6 10. Nf3 Nh5 11. d4 Bg4 12. Bg5 f6 13. Be3 g5 14. h3 Be6
15. Nxg5 Nf4 16. Nxe6 Nxh3+ 17. gxh3 Bh2+ 18. Kxh2 Rxe6 19. Qg4+ Kf7 20. Qh5+
Kg8 21. Qg4+ Kf7 22. Rg1 Qd6+ 23. e5 fxe5 24. Qg7+ Ke8 25. Qg8+ Kd7 26. Qxh7+
Re7 27. Qf5+ Qe6 28. Qxe6+ Kxe6 29. Rg6+ Kf7 30. Rag1 Rh8 31. dxe5 Rxe5 32. Bd4
Reh5 33. Bxh8 Rxh8 34. Ne4 Rh4 35. Rf6+ Ke7 36. Rg7+ Ke8 37. f3 Rh5 38. Rff7 Rh6
39. Nf6+ Rxf6 40. Rxf6 a5 41. h4 c5 42. h5 b5 43. h6 {Black resigns} 1-0

[Event "Team 45 45 League T57"]
[Site "Internet Chess Club"]
[Date "2013.06.24"]
[Round "5"]
[White "wildangels"]
[Black "oldbookseller"]
[Result "1-0"]
[WhiteElo "1077"]
[BlackElo "962"]
[Opening "Réti opening"]
[ECO "A04"]
[Time "10:00:16"]
[TimeControl "2700+45"]

1. Nf3 d6 2. e4 g6 3. g3 Bg7 4. Bg2 Nf6 5. d3 c5 6. Nbd2 O-O 7. O-O Bg4 8. Re1
Nbd7 9. c3 Ne5 10. d4 Nd3 11. Re3 Nxc1 12. Qxc1 e5 13. h3 Bd7 14. Nf1 Bh6 15.
dxe5 dxe5 16. Nxe5 Bb5 17. c4 Be8 18. Qc3 b6 19. Rd3 Qe7 20. Nh2 Qb7 21. Nhg4
Bg7 22. Qd2 Nxe4 23. Bxe4 Qxe4 24. Re1 Qf5 25. Nh6+ Bxh6 26. Qxh6 Ba4 27. g4 Qe6
28. Ree3 Rfe8 29. Rd5 Re7 30. f4 Rae8 31. f5 Bc6 32. fxe6 Bxd5 33. cxd5 fxe6 34.
d6 Rd8 35. dxe7 Rd1+ 36. Kf2 Rd2+ 37. Kf3 {Black resigns} 1-0

[Event "Team 45 45 League T57"]
[Site "Internet Chess Club"]
[Date "2013.06.22"]
[Round "5"]
[White "gcl"]
[Black "xt"]
[Result "0-1"]
[WhiteElo "1680"]
[BlackElo "1662"]
[Opening "Sicilian defense"]
[ECO "B32"]
[Time "13:34:54"]
[TimeControl "2700+45"]

1. e4 c5 2. Nf3 Nc6 3. d4 cxd4 4. Nxd4 d6 5. Nc3 a6 6. Be3 Nf6 7. f3 e6 8. Qd2
Be7 9. O-O-O Qc7 10. g4 h6 11. g5 hxg5 12. Bxg5 Bd7 13. Kb1 O-O-O 14. Be3 Kb8
15. Qf2 Rdg8 16. Nb3 Ne5 17. Bb6 Qc8 18. Ba5 Rh5 19. Bb4 Qc6 20. Be2 Rh3 21. Nd4
Qb6 22. Qf1 Rgh8 23. Ba3 Rxh2 24. Rxh2 Rxh2 25. Qg1 Rh7 26. f4 Ng6 27. Qg3 Ka8
28. f5 Ne5 29. Nf3 Nxf3 30. Bxf3 e5 31. Be2 Bf8 32. Bc4 Be8 33. Qd3 Rh4 34. Bxd6
Bxd6 35. Qxd6 Qxd6 36. Rxd6 Bc6 37. b3 Nxe4 38. Nxe4 Bxe4 39. Bd3 Bxd3 40. cxd3
Rd4 41. Rxd4 exd4 42. Kc2 Kb8 43. Kd2 Kc7 44. Ke2 Kd6 45. Kf3 Ke5 46. Kg4 f6 47.
b4 b6 48. a4 a5 49. bxa5 bxa5 {White resigns} 0-1

[Event "Team 45 45 League T57"]
[Site "Internet Chess Club"]
[Date "2013.06.25"]
[Round "5"]
[White "Warpdrive"]
[Black "parrot9"]
[Result "0-1"]
[WhiteElo "1668"]
[BlackElo "1625"]
[Opening "Sicilian: Scheveningen (Paulsen), classical variation"]
[ECO "B84"]
[Time "14:17:06"]
[TimeControl "2700+45"]

1. e4 c5 2. Nf3 d6 3. d4 cxd4 4. Nxd4 Nf6 5. Nc3 a6 6. Be2 e6 7. O-O Be7 8. Be3
Qc7 9. Qd2 b5 10. f3 Bb7 11. Nb3 Nbd7 12. Kh1 O-O 13. Nd1 d5 14. e5 Nxe5 15. Bf4
Bd6 16. Bxe5 Bxe5 17. Nd4 Rac8 18. c3 Bxh2 {White resigns} 0-1

[Event "Team 45 45 League T57"]
[Site "Internet Chess Club"]
[Date "2013.06.23"]
[Round "5"]
[White "Invicta-Knight"]
[Black "oldsj"]
[Result "1-0"]
[WhiteElo "1475"]
[BlackElo "1570"]
[Opening "Sicilian: Grand Prix attack"]
[ECO "B23"]
[Time "15:06:54"]
[TimeControl "2700+45"]

1. e4 c5 2. Nc3 Nc6 3. f4 d6 4. Nf3 e6 5. Bc4 Nf6 6. a3 d5 7. exd5 exd5 8. Ba2
d4 9. Qe2+ Qe7 10. Qxe7+ Bxe7 11. Nb5 O-O 12. Nc7 Rb8 13. Nd5 Nxd5 14. Bxd5 Bf5
15. d3 Rbc8 16. Kf2 Rfe8 17. Bd2 Bf6 18. Rae1 Bd7 19. h3 b6 20. g4 g6 21. Kg3
Ne7 22. Ba2 Bc6 23. h4 Bd5 24. Rxe7 Bxa2 25. Rxa7 Bd5 26. g5 Bg7 27. h5 gxh5 28.
Kf2 Re6 29. f5 Bxf3 30. Kxf3 Re5 31. f6 Bf8 32. Rh4 Rce8 33. Re4 Bd6 34. Rxe5
Bxe5 35. Bf4 Bxf4 36. Kxf4 Kf8 37. Rb7 Re6 38. Rb8+ Re8 39. Rxb6 h4 40. Kg4 h3
41. Kxh3 Re3+ 42. Kg4 Ke8 43. Rb5 c4 44. dxc4 Re2 45. b3 Rxc2 46. Re5+ Kd7 47.
Rd5+ Ke6 48. Rxd4 Ke5 49. Rd3 {Black resigns} 1-0

[Event "Team 45 45 League T57"]
[Site "Internet Chess Club"]
[Date "2013.06.23"]
[Round "5"]
[White "mongmong"]
[Black "dscvdchk"]
[Result "1-0"]
[WhiteElo "1601"]
[BlackElo "1502"]
[Opening "Queen's pawn game"]
[ECO "D04"]
[Time "14:10:00"]
[TimeControl "2700+45"]

1. d4 Nf6 2. Nf3 d5 3. e3 Bg4 4. c4 e6 5. Nc3 Be7 6. h3 Bh5 7. g4 Bg6 8. Ne5
Nbd7 9. h4 h5 10. Nxg6 fxg6 11. g5 Ng8 12. Bd3 Nf8 13. Qf3 c6 14. cxd5 exd5 15.
e4 dxe4 16. Qxe4 Qd7 17. d5 O-O-O 18. Qa4 b5 19. Qa6+ Qb7 20. Qxb7+ Kxb7 21. Be4
Kc7 22. dxc6 Bb4 23. Bd2 a6 24. O-O-O Ne7 25. Nxb5+ axb5 26. Bxb4 Nc8 27. Ba5+
Nb6 28. Bxb6+ Kxb6 29. Rxd8 {Black resigns} 1-0

[Event "Team 45 45 League T57"]
[Site "Internet Chess Club"]
[Date "2013.06.26"]
[Round "5"]
[White "zap2"]
[Black "infiniteshug"]
[Result "1-0"]
[WhiteElo "1752"]
[BlackElo "1874"]
[Opening "Benko's opening"]
[ECO "A00"]
[Time "04:33:18"]
[TimeControl "2700+45"]

1. g3 Nf6 2. Bg2 g6 3. Nf3 Bg7 4. O-O O-O 5. d3 d6 6. Nbd2 e5 7. e4 Nc6 8. c3
Be6 9. Qe2 Re8 10. Re1 d5 11. a4 d4 12. a5 Nd7 13. h4 dxc3 14. bxc3 Nc5 15. Bf1
b5 16. axb6 axb6 17. Ba3 Na4 18. Rec1 Bh6 19. Qd1 Bg4 20. Kg2 Qd7 21. Qc2 Bh3+
22. Kg1 Bg2 23. Kxg2 f5 24. Rd1 f4 25. Nc4 Qg4 26. Nh2 Qe6 27. Be2 b5 28. Bg4
Qf7 29. Nb2 Nb6 30. Bc5 Bf8 31. Bxf8 Rxf8 32. Rdc1 h5 33. Bf3 Na5 34. Bd1 Qf6
35. Nf3 c5 36. Qe2 b4 37. cxb4 cxb4 38. Na4 Nd7 39. Qb2 Qd6 40. Bb3+ Kg7 41. Bd5
Rac8 42. Rxc8 Rxc8 43. gxf4 Nc6 44. fxe5 Ncxe5 45. Nxe5 Nxe5 46. f4 Qd7 47.
Qxe5+ Kh7 48. Qe6 Rc2+ 49. Kf3 Qd8 50. Qf7+ Kh8 51. Qxg6 Qf8 52. Qxh5+ Kg7 53.
Rg1+ Kf6 54. Qf5+ Ke7 55. Qe6+ Kd8 56. Rg8 Qxg8 57. Qxg8+ Ke7 58. Qf7+ Kd8 59.
Qf8+ Kc7 60. Qe7+ Kc8 61. Nb6+ Kb8 62. Qb7# {Black checkmated} 1-0

[Event "Team 45 45 League T57"]
[Site "Internet Chess Club"]
[Date "2013.06.25"]
[Round "5"]
[White "clarinetref"]
[Black "knightstormala"]
[Result "0-1"]
[WhiteElo "1645"]
[BlackElo "1783"]
[Opening "Réti: King's Indian attack"]
[ECO "A05"]
[Time "10:09:42"]
[TimeControl "2700+45"]

1. Nf3 Nf6 2. g3 g6 3. b3 Bg7 4. Bb2 O-O 5. Bg2 d6 6. O-O c6 7. d4 Nbd7 8. Nbd2
Ne8 9. e4 c5 10. Qe2 Rb8 11. a4 a6 12. Ra2 b6 13. e5 e6 14. d5 dxe5 15. dxe6
fxe6 16. Nc4 Qc7 17. Bh3 Bb7 18. Bxe6+ Kh8 19. Nfxe5 Nxe5 20. Bxe5 Qc6 21. f3
Qxe6 22. Re1 Bxe5 23. Nxe5 Bxf3 24. Qd3 Qd5 25. Qc3 Ng7 26. Raa1 Rbe8 27. Nxf3
Qxf3 28. Qd2 Qf6 29. Rf1 Qd4+ 30. Qxd4 Rxf1+ 31. Rxf1 cxd4 32. Rf6 Ne6 33. Kf2
Kg7 34. Rf3 Rf8 35. Rxf8 Kxf8 36. Kf3 Ke7 37. Ke4 Kd6 {White resigns} 0-1

[Event "Team 45 45 League T57"]
[Site "Internet Chess Club"]
[Date "2013.06.24"]
[Round "5"]
[White "seattleblues"]
[Black "Check101"]
[Result "1/2-1/2"]
[WhiteElo "1499"]
[BlackElo "1573"]
[Opening "King's Indian: London system"]
[ECO "A48"]
[Time "19:14:21"]
[TimeControl "2700+45"]

1. d4 Nf6 2. Nf3 g6 3. Bf4 d6 4. e3 Bg7 5. Be2 O-O 6. c4 Nbd7 7. h3 Re8 8. O-O
e5 9. dxe5 dxe5 10. Nxe5 Nxe5 11. Qxd8 Rxd8 12. Bxe5 Bf5 13. Nc3 c6 14. Rad1 Be6
15. b3 Nd7 16. Bxg7 Kxg7 17. Rd2 f5 18. Rfd1 Kf7 19. Na4 Ke7 20. Nb2 Nf6 21. Bf3
h5 {Game drawn by mutual agreement} 1/2-1/2

[Event "Team 45 45 League T57"]
[Site "Internet Chess Club"]
[Date "2013.06.23"]
[Round "5"]
[White "SeniorCitizen"]
[Black "medsurg"]
[Result "1/2-1/2"]
[WhiteElo "1284"]
[BlackElo "1315"]
[Opening "Owen defense"]
[ECO "B00"]
[Time "15:00:06"]
[TimeControl "2700+45"]

1. e4 b6 2. Nc3 Bb7 3. Nf3 e6 4. Be2 Be7 5. d3 d5 6. exd5 exd5 7. O-O Nf6 8. Bf4
Bd6 9. Bxd6 Qxd6 10. d4 Nbd7 11. Re1 O-O 12. Bd3 a6 13. a3 Rae8 14. Qd2 Ne4 15.
Qc1 Ndf6 16. Ne2 Ng4 17. Qf4 Qxf4 18. Nxf4 Ngxf2 19. Ne5 f6 20. Nf3 Rf7 21. Nh3
Nxh3+ 22. gxh3 Rfe7 23. Kf1 Bc8 24. Kg2 b5 25. Re2 Ng5 26. Rxe7 Rxe7 27. Nxg5
fxg5 28. Rf1 g4 29. hxg4 Bxg4 30. Rf2 Re3 {Game drawn by mutual agreement}
1/2-1/2

[Event "Team 45 45 League T57"]
[Site "Internet Chess Club"]
[Date "2013.06.23"]
[Round "5"]
[White "tcianciola"]
[Black "theartist"]
[Result "1-0"]
[WhiteElo "1216"]
[BlackElo "1121"]
[Opening "Nimzo-Indian: three knights variation"]
[ECO "E21"]
[Time "10:01:52"]
[TimeControl "2700+45"]

1. d4 Nf6 2. c4 e6 3. Nc3 Bb4 4. Nf3 c5 5. dxc5 Bxc5 6. Bg5 Nc6 7. e3 h6 8. Bh4
Be7 9. Be2 d5 10. cxd5 exd5 11. Bxf6 Bxf6 12. Nxd5 Bxb2 13. Rb1 Ba3 14. O-O Ne7
15. Qa4+ Qd7 16. Bb5 Nc6 17. Rbd1 Qe6 18. Nc7+ {Black resigns} 1-0

[Event "Team 45 45 League T57"]
[Site "Internet Chess Club"]
[Date "2013.06.20"]
[Round "5"]
[White "dabodhi"]
[Black "guyd52"]
[Result "0-1"]
[WhiteElo "1323"]
[BlackElo "1364"]
[Opening "Pirc: bayonet (Mariotti) attack"]
[ECO "B07"]
[Time "19:30:47"]
[TimeControl "2700+45"]

1. e4 d6 2. d4 g6 3. Nc3 Bg7 4. Be2 Nf6 5. h4 h5 6. Bg5 Nbd7 7. Qd2 a6 8. O-O-O
b5 9. f3 Bb7 10. Nh3 c6 11. Nf2 Qc7 12. g4 Kf8 13. gxh5 Nxh5 14. Rdg1 Re8 15.
Ng4 e5 16. Bh6 Ndf6 17. Bxg7+ Kxg7 18. Nxf6 Nxf6 19. h5 Nxh5 20. f4 Nxf4 21. d5
Nxe2+ 22. Qxe2 Rxh1 23. Rxh1 Rh8 24. Rf1 Rh4 25. Qf3 Rf4 26. Qh3 Rxf1+ 27. Qxf1
Qe7 28. b4 Qf6 29. Qh3 Qf4+ 30. Kb2 f5 31. Qd3 cxd5 32. exf5 d4 33. Ne2 Qxf5 34.
Qa3 Qe4 35. Nc1 g5 36. Qa5 Qc6 37. Ne2 Qd7 38. Ng3 Kg6 39. Qa3 e4 40. Qb3 d5 41.
c3 Qg7 {White forfeits on time} 0-1